 Dungeon Crawl Stone Soup version 0.26-a0-540-g8a0c9464d7 (webtiles) character file.

Game seed: 17086541827942607281

6967 night the Frost Mage (level 10, -1/53 HPs)
             Began as a Spriggan Ice Elementalist on Aug 17, 2020.
             Was an Initiate of Gozag.
             Slain by a death yak (19 damage)
             ... on level 9 of the Dungeon.
             The game lasted 00:34:50 (11411 turns).

night the Frost Mage (Spriggan Ice Elementalist)   Turns: 11411, Time: 00:34:50

Health: -1/53      AC:  5    Str:  7    XL:     10   Next: 81%
Magic:  0/25       EV: 22    Int: 21    God:    Gozag
Gold:   1318       SH:  0    Dex: 16    Spells: 21/29 levels left

rFire    . . .     SeeInvis +   M - +6 rapier of Indignation {flame, Fragile rC+++ Str-3 Stlth+}
rCold    + + +     Faith    .   (shield restricted)
rNeg     . . .     Spirit   .   a - +0 robe
rPois    .         Reflect  .   x - +2 hat
rElec    .         Harm     .   v - +0 cloak
rCorr    .                      (gloves unavailable)
MR       +....                  (boots unavailable)
Stlth    +++.......             (no amulet)
HPRegen  0.17/turn              E - +4 ring of evasion
MPRegen  0.19/turn              L - +6 ring of strength

@: very quick
A: very small, unfitting armour, see invisible, speed 3
a: Potion Petition, Call Merchant, Bribe Branch, Renounce Religion


You were on level 9 of the Dungeon.
You worshipped Gozag.
Gozag was most pleased with you.
You visited 1 branch of the dungeon, and saw 9 of its levels.

You collected 1379 gold pieces.
You paid 61 gold pieces to Gozag.

Inventory:

Hand Weapons
 e - a +0 dagger
 m - a +5 dagger of venom
 D - a +1 whip of electrocution
 G - a +1 dagger of holy wrath
 K - the +3 morningstar of Fasior {chaos, +Fly MR+}
   (You found it on level 6 of the Dungeon)

   Each time it hits an enemy it has a different, random effect.
   It affects your resistance to hostile enchantments.
   It lets you fly.
 M - the +6 rapier of Indignation (weapon) {flame, Fragile rC+++ Str-3 Stlth+}
   (You found it on level 7 of the Dungeon)

   It has been specially enchanted to burn those struck by it, causing extra
   injury to most foes and up to half again as much damage against particularly
   susceptible opponents.
   It affects your strength (-3).
   It renders you almost immune to cold.
   It will be destroyed if unequipped.
   It makes you more stealthy.
Missiles
 A - 9 poisoned darts (quivered)
 O - 7 atropa-tipped darts
Armour
 a - a +0 robe (worn)
 v - a +0 cloak (worn)
 x - a +2 hat (worn)
 C - a +0 buckler
Jewellery
 q - an uncursed ring of resist corrosion {unknown}
 t - an uncursed ring of fire
 E - a +4 ring of evasion (left hand)
 L - a +6 ring of strength (right hand)
Wands
 s - a wand of iceblast (1)
 F - a wand of flame (17)
 H - a wand of polymorph (6)
 I - a wand of random effects (16)
Scrolls
 c - 4 scrolls of remove curse
 d - 2 scrolls of enchant weapon
 h - 2 scrolls of fog {unknown}
 i - 3 scrolls of immolation
 j - a scroll of magic mapping
 k - 8 scrolls of identify
 l - 2 scrolls of fear
 n - a scroll of teleportation
 w - 3 scrolls of blinking {unknown}
 y - a scroll of random uselessness {unknown}
 B - 2 scrolls of enchant armour {unknown}
Potions
 b - 5 potions of lignification
 f - 2 potions of mutation {unknown}
 g - 2 potions of brilliance {unknown}
 o - 2 potions of flight {unknown}
 p - 3 potions of stabbing {unknown}
 r - 4 potions of curing {unknown}
 u - a potion of invisibility
 z - a potion of might {unknown}
 J - 2 potions of haste {unknown}
 N - a potion of degeneration {unknown}


   Skills:
 + Level 6.9 Fighting
 - Level 3.0 Dodging
 - Level 3.0 Stealth
 + Level 10.3 Spellcasting
 * Level 10.4 Ice Magic


You had 21 spell levels left.
You knew the following spells:

 Your Spells              Type           Power        Failure   Level
a - Freeze                Ice            ####         1%          1
b - Frozen Ramparts       Ice            ######       1%          3
c - Summon Ice Beast      Ice/Summ       ####....     8%          4

Your spell library contained the following spells:

 Spells                   Type           Power        Failure   Level
 Ozocubu's Armour         Ice            ######..     1%          3
 Animate Skeleton         Necr           ##....       6%          1
 Apportation              Tloc           ##....       6%          1
 Corona                   Hex            ##.....      6%          1
 Pain                     Necr           ##..         6%          1
 Shock                    Conj/Air       ##..         6%          1
 Summon Small Mammal      Summ           ##..         6%          1
 Hailstorm                Conj/Ice       ####....     8%          4
 Swiftness                Air            ##......     10%         2
 Static Discharge         Conj/Air       ##......     19%         3
 Vampiric Draining        Necr           ##........   19%         3
 Airstrike                Air            ##........   54%         4
 Animate Dead             Necr           ##........   54%         4
 Agony                    Necr           ##......     87%         5
 Lightning Bolt           Conj/Air       ##........   87%         5


Dungeon Overview and Level Annotations

Branches:
Dungeon (9/15)             Temple (0/1) D:7
   Lair: D:8-11         Orc: D:9-12

Altars:
Ashenzari
Elyvilon
Fedhas
Gozag
Kikubaaqudgha
Ru
Trog
Vehumet
Wu Jian
Xom

Annotations:
D:6 exclusion: statue


Innate Abilities, Weirdness & Mutations

You are very small and have problems with some larger weapons.
You are too small for most types of armour.
You have supernaturally acute eyesight. (SInv)
You cover ground extremely quickly.


Message History

Your ice beast hits the death yak but does no damage.
The death yak barely misses your ice beast.
Your ice beast hits the death yak.
Your ice beast freezes the death yak!
Your ice beast hits the death yak but does no damage.
Throwing (i - inventory. (/) - cycle)
A - 9 poisoned darts (quivered)
Press: ? - help, Shift-Dir - straight line, f/p - death yak
Aim: a death yak (severely wounded) Really fire in your ice beast's direction?
Okay, then.
Casting: Summon Ice Beast (dangerous; 8% risk of failure)
Confirm with . or Enter, or press ? or * to list all spells.
A chill wind blows around you.
Your ice beast hits the death yak.
Your ice beast freezes the death yak!
Unknown command.
Your ice beast hits the death yak.
Your ice beast freezes the death yak!
You hit the death yak. You burn the death yak.
The death yak is almost dead.
The death yak gores you!!
You die...
Your body crumbles into a pile of gold.

##.8.##.8.###.<.......#...##.....
.##.8.##.8.##...........# ##....
.(##.8.##.8.##........### #####
8...8.##.8.##........##
.8.8(##.8(####.....###
#.8.##.8Y##.#####..#
##.##.8.##...# #...#
Y###.8Y##....# #..##
8Y#.8.##.....# #@.#
.8(8.##....### #Y.# .$
#.8(####.....###YY##...
##.######.....#.........
.####...###............. ..#
#........Y.####..... .##
#.(........## ).... .#
#...........# #.... .#
#...........# ....


You could see a death yak and 2 friendly ice beasts.

Vanquished Creatures
  Gastronok (D:8)
  3 death yaks (D:9)
  A hippogriff (D:9)
  Edmund (D:6)
  Duvessa (D:5)
  5 orc warriors
  A sky beast (D:9)
  A phantom (D:8)
  A necrophage (D:6)
  A black bear (D:9)
  3 ogres
  2 centaurs
  A big kobold (D:7)
  5 bullfrogs
  Blork the orc (D:4)
  7 scorpions
  Dowan (D:5)
  4 wights
  4 killer bees (D:7)
  A howler monkey (D:6)
  A centaur skeleton (D:9)
  5 hounds
  Crazy Yiuf (D:3)
  A bullfrog zombie (D:8)
  A jelly (D:5)
  4 orc priests
  Terence (D:2)
  Jessica (D:3)
  A bullfrog skeleton (D:7)
  Ijyb (D:3)
  An iguana (D:8)
  11 orc wizards
  13 worker ants
  A hound zombie (D:9)
  Robin (D:3)
  6 gnolls (D:6)
  A howler monkey skeleton (D:5)
  9 adders
  2 white imps
  3 adder skeletons (D:5)
  2 worms
  2 dart slugs
  2 leopard geckos
  32 orcs
  21 giant cockroaches
  10 goblins
  10 hobgoblins
  12 jackals
  13 kobolds
  5 quokkas
  A ball python (D:2)
  8 bats
  6 frilled lizards
  2 jackal skeletons
  A leopard gecko skeleton (D:7)
  A leopard gecko zombie (D:6)
  A quokka skeleton (D:4)
  7 rats
246 creatures vanquished.

Vanquished Creatures (collateral kills)
  A troll (D:8)
  A necrophage (D:7)
  2 wights
  An orc wizard (D:8)
  An orc priest (D:8)
6 creatures vanquished.

Grand Total: 252 creatures vanquished

Notes
Turn   | Place    | Note
-------+----------+-------------------------------------------
     0 | D:1      | night the Spriggan Ice Elementalist began the quest for the
                  | Orb.
     0 | D:1      | Reached XP level 1. HP: 9/9 MP: 5/5
   252 | D:1      | Reached XP level 2. HP: 13/13 MP: 1/7
   955 | D:2      | Found an ornate altar of the Wu Jian Council.
   979 | D:2      | Reached XP level 3. HP: 14/17 MP: 4/8
  1208 | D:2      | Learned a level 3 spell: Frozen Ramparts
  1229 | D:2      | Reached skill level 1 in Fighting
  1522 | D:2      | Reached XP level 4. HP: 22/22 MP: 6/10
  1656 | D:2      | Found a shattered altar of Ashenzari.
  1785 | D:2      | Noticed Terence
  1802 | D:2      | Killed Terence
  1927 | D:3      | Noticed Robin
  1935 | D:3      | Killed Robin
  1946 | D:3      | Reached XP level 5. HP: 25/25 MP: 3/12
  2044 | D:3      | Noticed Jessica
  2226 | D:3      | Killed Jessica
  2520 | D:3      | Noticed Ijyb
  2534 | D:3      | Killed Ijyb
  2534 | D:3      | Reached skill level 2 in Fighting
  2754 | D:3      | Found a sacrificial altar of Ru.
  3157 | D:3      | Found a runed translucent door.
  3158 | D:3      | Noticed Crazy Yiuf
  3171 | D:3      | Killed Crazy Yiuf
  3171 | D:3      | Reached XP level 6. HP: 30/30 MP: 5/13
  3556 | D:4      | Reached skill level 5 in Ice Magic
  3811 | D:4      | Found a blossoming altar of Fedhas.
  3913 | D:4      | Reached skill level 5 in Spellcasting
  3945 | D:4      | Reached XP level 7. HP: 35/35 MP: 11/15
  4153 | D:4      | Noticed Blork the orc
  4198 | D:4      | Killed Blork the orc
  4499 | D:4      | Found an opulent altar of Gozag.
  4510 | D:4      | Became a worshipper of Gozag Ym Sagoz the Greedy
  4677 | D:5      | Entered Level 5 of the Dungeon
  4927 | D:4      | You fall into a shaft and drop 2 floors!
  5007 | D:6      | Reached XP level 8. HP: 14/41 MP: 14/18
  5302 | D:5      | Noticed Duvessa
  5302 | D:5      | Noticed Dowan
  5325 | D:5      | Killed Dowan
  5334 | D:5      | Killed Duvessa
  5672 | D:5      | Found an ancient bone altar of Kikubaaqudgha.
  5705 | D:5      | Found a shimmering altar of Xom.
  5710 | D:5      | Found a shimmering altar of Xom.
  5711 | D:5      | Found a shimmering altar of Xom.
  5712 | D:5      | Found a shimmering altar of Xom.
  5713 | D:5      | Found a shimmering altar of Xom.
  5714 | D:5      | Found a shimmering altar of Xom.
  6567 | D:6      | Learned a level 4 spell: Summon Ice Beast
  6596 | D:6      | Got a fine morningstar
  6596 | D:6      | Identified the +3 morningstar of Fasior {chaos, +Fly MR+}
                  | (You found it on level 6 of the Dungeon)
  6663 | D:6      | Noticed Edmund
  6674 | D:6      | Killed Edmund
  6754 | D:6      | Found a radiant altar of Vehumet.
  6773 | D:6      | Reached XP level 9. HP: 43/46 MP: 16/21
  6857 | D:6      | Found an opulent altar of Gozag.
  7643 | D:7      | Reached skill level 5 in Fighting
  7974 | D:7      | Found a staircase to the Ecumenical Temple.
  8025 | D:7      | Got a warped rapier
  8025 | D:7      | Identified the +6 rapier of Indignation {flame, Fragile
                  | rC+++ Str-3 Stlth+} (You found it on level 7 of the
                  | Dungeon)
  8971 | D:8      | Noticed Gastronok
  9267 | D:8      | Noticed a troll
  9275 | D:8      | Killed a troll
  9422 | D:8      | Killed Gastronok
  9422 | D:8      | Reached XP level 10. HP: 28/53 MP: 2/24
  9628 | D:8      | Found a bloodstained altar of Trog.
  9739 | D:8      | Found a white marble altar of Elyvilon.
 10974 | D:9      | Noticed a death yak
 10982 | D:9      | Noticed a death yak
 10983 | D:9      | Noticed a death yak
 10983 | D:9      | Noticed a death yak
 11043 | D:9      | Noticed a death yak
 11044 | D:9      | Killed a death yak
 11044 | D:9      | Reached skill level 10 in Spellcasting
 11044 | D:9      | Reached skill level 10 in Ice Magic
 11045 | D:9      | Noticed a death yak
 11282 | D:9      | Killed a death yak
 11352 | D:9      | Killed a death yak
 11411 | D:9      | Slain by a death yak

Illustrated notes

Levels and vault maps discovered:
D:1:      dpeg_arrival_refuge, layout_loops_ring
D:2:      layout_rooms, overflow_temple_1_default, evilmike_ruin_ashenzari,
          minmay_crystal_room, uniq_terence
D:3:      minmay_roachtagon, layout_loops_ring, nicolae_ru_the_path_less_chosen,
          minmay_crystal_water, uniq_crazy_yiuf_cottage, uniq_ijyb,
          uniq_jessica, uniq_robin
D:4:      layout_basic, kennysheep_little_box, grunt_gozag_breadcrumbs,
          minmay_fractal_squares_diagonal_5, uniq_blork_the_orc
D:5:      layout_rooms, kiku_gazebo_pond_becter, xom_redecorated, uniq_duvessa
D:6:      layout_cave_pools, vehumet_statue, basic_altar, uniq_edmund
D:7:      layout_rooms, minmay_temple_entry_trees, dk_rats_in_the_wall
D:8:      layout_gridville, lemuel_crystal_altar, trog_butcher_becter,
          uniq_gastronok
D:9:      minmay_inner_zag, layout_cave_pods, dpeg_lair_monsters

Skill      XL: |  1  2  3  4  5  6  7  8  9 10 |
---------------+-------------------------------+-----
Spellcasting   | 3 4 5 6 7 9 10 | 10.3
Fighting       | 1 2 3 4 6 |  6.9
Ice Magic      | 4 5 6 7 9 10 | 10.4
Dodging        | |  3.0
Stealth        | |  3.0

Action                   |  1- 3 |  4- 6 |  7- 9 | 10-12 || total
-------------------------+-------+-------+-------+-------++-------
Melee: Dagger            |    23 |    44 |   151 |       ||   218
       Morningstar       |       |       |    17 |       ||    17
       Rapier            |       |       |    25 |    39 ||    64
       Whip              |       |       |     7 |       ||     7
Throw: Dart              |       |       |     9 |    17 ||    26
 Cast: Freeze            |    46 |    13 |     6 |     6 ||    71
       Frozen Ramparts   |     5 |    22 |    52 |    21 ||   100
       Summon Ice Beast  |       |       |    14 |     9 ||    23
Evoke: Wand              |       |       |    11 |     1 ||    12
  Use: Scroll            |       |       |     8 |       ||     8
       Potion            |       |       |     1 |       ||     1
 Stab: Sleeping          |     4 |     3 |     4 |     1 ||    12
       Distracted        |     1 |       |       |       ||     1
Armor: Robe              |     5 |     8 |    22 |     7 ||    42
Dodge: Dodged            |    61 |    36 |   257 |    47 ||   401

Table legend: (Time is in decaauts)
 A = Elapsed time spent in this place.
 B = Non-inter-level travel time spent in this place.
 C = Inter-level travel time spent in this place.
 D = Time resting spent in this place.
 E = Time spent auto-exploring this place.
 F = Levels seen in this place.
 G = Mean time per level.
                   A        B        C        D        E       F      G
               +--------+--------+--------+--------+--------+-----+--------+
         Total |   9404 |   9277 |    127 |   2260 |   4942 |   9 | 1044.9 |
       Dungeon |   9404 |   9277 |    127 |   2260 |   4942 |   9 | 1044.9 |
               +--------+--------+--------+--------+--------+-----+--------+

Top non-repeatable levels by time:
     D:8: 1391 daAuts
     D:6: 1357 daAuts
     D:9: 1184 daAuts
     D:4: 1124 daAuts
     D:3: 1117 daAuts
     D:2: 925 daAuts
     D:5: 848 daAuts
     D:1: 733 daAuts
     D:7: 721 daAuts
